 Dungeon Crawl Stone Soup version 0.24-a0-416-g56ce5178b7 (webtiles) character file.

Game seed: 837722363523120809

952 Flubber the Tainter (level 8, -2/62 HPs)
             Began as a Naga Venom Mage on June 9, 2019.
             Was an Initiate of Dithmenos.
             Killed by nerve-wracking pain
             ... invoked by Menkaure
              (8 damage)
             ... on level 5 of the Dungeon.
             The game lasted 00:16:05 (5375 turns).

Flubber the Tainter (Naga Venom Mage)               Turns: 5375, Time: 00:16:06

Health: -2/62      AC:  8    Str: 15 (16) XL:     8   Next: 13%
Magic:  8/12       EV: 10    Int: 14 (17) God:    Dithmenos [......]
Gold:   260        SH:  0    Dex:  9 (12) Spells: 0/13 levels left

rFire    . . .     SeeInvis +   r - +1 morningstar (protect)
rCold    . . .     Gourm    .   (no shield)
rNeg     . . .     Faith    .   a - +0 robe
rPois    +         Spirit   .   p - +0 helmet
rElec    .         Reflect  .   (no cloak)
rCorr    .         Harm     .   (no gloves)
MR       +....                  (no barding)
Stlth    ++........             (no amulet)
HPRegen  0.20/turn              j - ring of see invisible
MPRegen  0.13/turn              l - ring of poison resistance

@: mighty, corroded, protection aura, very slow
A: large, see invisible, deformed body, poison resistance, slowness 2, slow
metabolism 1, spit poison 1, AC +2
a: Spit Poison, Renounce Religion


You were on level 5 of the Dungeon.
You worshipped Dithmenos.
Dithmenos was noncommittal.
You were not hungry.

You visited 1 branch of the dungeon, and saw 7 of its levels.

You collected 260 gold pieces.

Inventory:

Hand Weapons
 r - a +1 morningstar of protection (weapon)
Missiles
 g - 2 throwing nets (quivered)
 o - 2 javelins
 s - a boomerang
Armour
 a - a +0 robe (worn)
 d - a +3 leather armour of positive energy
 p - a +0 helmet (worn)
Jewellery
 j - a ring of see invisible (left hand)
 l - a ring of poison resistance (right hand)
 m - an uncursed ring of protection from cold
 q - an uncursed ring of protection from cold
Scrolls
 b - 4 scrolls of remove curse
 e - a scroll of enchant weapon
 i - a scroll of enchant armour
 u - a scroll of identify
Potions
 k - a potion of cancellation
Comestibles
 c - 5 rations


   Skills:
 + Level 3.2 Maces & Flails
 + Level 3.3 Armour
 - Level 1.5 Dodging
 - Level 3.0 Stealth
 - Level 3.0 Spellcasting
 - Level 3.1 Conjurations
 - Level 2.1 Air Magic
 + Level 8.1 Poison Magic


You couldn't memorise any spells.
You knew the following spells:

 Your Spells              Type           Power        Failure   Level  Hunger
a - Sting                 Conj/Pois      ###.         2%          1    #......
b - Mephitic Cloud        Conj/Pois/Air  ##......     11%         3    ###....
c - Olgreb's Toxic Radia  Pois           ###.....     8%          4    #####..
d - Venom Bolt            Conj/Pois      ###.......   52%         5    ######.

Your spell library contained the following spells:

 Spells                   Type           Power        Failure   Level  Hunger
 Poisonous Vapours        Pois/Air       ###...       4%          2    ##.....


Dungeon Overview and Level Annotations

Branches:
Dungeon (7/15)
 Temple: D:4-7

Altars:
Dithmenos
Fedhas
Hepliaklqana
Okawaru

Annotations:
D:5 Menkaure


Innate Abilities, Weirdness & Mutations

You cannot wear boots.
Your serpentine skin is tough. (AC +2)
You have supernaturally acute eyesight. (SInv)
Armour fits poorly on your strangely shaped body.
Your system is resistant to poisons. (rPois)
You cover ground very slowly.
You have a slow metabolism.
You can spit poison.


Message History

* * * LOW HITPOINT WARNING * * *
It was a potion of degeneration.
There was something very wrong with that liquid.
You feel weakened.
You feel dopey.
You feel clumsy. Menkaure barely misses you.
It was a potion of might.
You feel very mighty all of a sudden. Menkaure hits you.
* * * LOW HITPOINT WARNING * * *
Menkaure barely misses you.
You barely miss Menkaure.
Menkaure is moderately damaged.
Menkaure hits you!
* * * LOW HITPOINT WARNING * * *
You sock Menkaure!
Menkaure is heavily damaged.
Menkaure closely misses you.
Menkaure points at you and mumbles some strange words.
Pain shoots through your body!
You die...

..# (.# ###### #..# ###..##
.....## ......# .....#
......# .....# ......#
.....#
#....##############..# .
####...#........@M.<.###...
.......'....#....#..[......
.......#....#....#....†....
.......#....#....#........#
#.....##...#######.........
#.....##...# #...##..#.
#..........#.. #...# ...
#..........+.. +.... .#
#............. #....# .


You could see Menkaure.

Vanquished Creatures
  An ogre (D:4)
  A phantom (D:4)
  2 bullfrogs (D:6)
  A scorpion (D:4)
  A water moccasin skeleton (D:6)
  2 howler monkeys (D:6)
  5 orc wizards
  2 hounds
  A jelly (D:5)
  An orc priest (D:4)
  2 worker ants
  5 gnolls (D:6)
  5 adders
  A shadow imp (D:6)
  An ooze (D:6)
  An adder zombie (D:6)
  5 dart slugs
  3 leopard geckos
  14 orcs
  3 giant cockroaches
  10 goblins
  2 hobgoblins
  5 jackals
  2 kobolds
  A quokka (D:6)
  4 ball pythons
  A ball python skeleton (D:4)
  4 bats
  5 rats
91 creatures vanquished.

Notes
Turn   | Place    | Note
-------+----------+-------------------------------------------
     0 | D:1      | Flubber the Naga Venom Mage began the quest for the Orb.
     0 | D:1      | Reached XP level 1. HP: 15/15 MP: 3/3
   518 | D:1      | Reached XP level 2. HP: 22/22 MP: 0/5
   883 | D:1      | Reached XP level 3. HP: 17/28 MP: 4/7
  1572 | D:2      | Found a blossoming altar of Fedhas.
  1904 | D:2      | Learned a level 3 spell: Mephitic Cloud
  1920 | D:2      | Reached XP level 4. HP: 36/36 MP: 4/8
  2412 | D:3      | Reached skill level 5 in Poison Magic
  2941 | D:4      | Learned a level 4 spell: Olgreb's Toxic Radiance
  2941 | D:4      | Noticed a phantom
  2971 | D:4      | Killed a phantom
  2971 | D:4      | Reached XP level 5. HP: 9/42 MP: 9/9
  3289 | D:4      | Reached skill level 1 in Air Magic
  3289 | D:4      | Reached skill level 6 in Poison Magic
  3289 | D:4      | Reached XP level 6. HP: 11/49 MP: 1/10
  3586 | D:4      | Reached skill level 1 in Armour
  4011 | D:4      | Reached XP level 7. HP: 16/55 MP: 9/11
  4250 | D:4      | Reached skill level 1 in Maces & Flails
  4523 | D:5      | Entered Level 5 of the Dungeon
  4523 | D:5      | Found a hazy altar of Hepliaklqana.
  4544 | D:6      | Reached skill level 7 in Poison Magic
  4639 | D:7      | Noticed a hungry ghost
  4652 | D:6      | Found a shadowy altar of Dithmenos.
  4652 | D:6      | Found an iron altar of Okawaru.
  4814 | D:6      | Became a worshipper of Dithmenos the Shadowed
  5133 | D:6      | Reached XP level 8. HP: 17/62 MP: 8/12
  5152 | D:6      | Reached skill level 8 in Poison Magic
  5152 | D:6      | Identified the cursed +2 quarterstaff of Inflation {pain,
                  | +Blink rC+ Str-2 Dex+3 Stlth+}
  5285 | D:5      | Learned a level 5 spell: Venom Bolt
  5359 | D:5      | Noticed Menkaure
  5375 | D:5      | Killed from afar by Menkaure

Levels and vault maps discovered:
D:1:      moated_graveyard_arrival, layout_basic
D:2:      layout_basic, fedhas_altar_3
D:3:      layout_basic
D:4:      layout_loops_ring
D:5:      layout_gridville, nicolae_overflow_hidden_temple,
          minmay_temple_entry_sparse_star, serial_shops,
          nicolae_shop_temple_entry_statues_fountains, first_ration,
          uniq_menkaure
D:6:      layout_cave_pools, gammafunk_temple_overflow_statue,
          nicolae_gozag_cash_rules_everything_around_me,
          lemuel_zombie_altar_yredelemnul, kennysheep_mini
D:7:      layout_rooms, serial_shops, shop, minmay_misc_feat_pillars

Skill      XL: |  1  2  3  4  5  6  7  8 |
---------------+-------------------------+-----
Spellcasting   | 3 |  3.0
Conjurations   | 2 3 |  3.1
Poison Magic   | 5 6 7 8 |  8.1
Air Magic      | 1 2 |  2.1
Armour         | 2 3 |  3.3
Maces & Flails | 2 3 |  3.2
Dodging        | |  1.5
Stealth        | |  3.0

Action                   |  1- 3 |  4- 6 |  7- 9 || total
-------------------------+-------+-------+-------++-------
Melee: Unarmed           |    16 |       |       ||    16
       Mace              |    19 |     1 |       ||    20
       Morningstar       |       |    51 |    89 ||   140
 Cast: Sting             |    52 |    66 |    61 ||   179
       Mephitic Cloud    |       |     1 |     2 ||     3
 Abil: Spit Poison       |     1 |       |       ||     1
  Use: Potion            |     1 |     5 |     5 ||    11
       Scroll            |       |     5 |     3 ||     8
 Stab: Sleeping          |     1 |       |       ||     1
       Confused          |       |       |     1 ||     1
  Eat: Chunk             |     3 |     5 |       ||     8
       Ration            |       |       |     1 ||     1
Armor: Robe              |    12 |    26 |    46 ||    84
Dodge: Dodged            |    44 |    29 |    80 ||   153

Table legend:
 A = Non-vault XP
 B = Vault XP
 C = Vault XP percentage of total XP
 D = Non-vault monster count
 E = Vault monster count
 F = Vault count percentage of total count
                 A         B        C        D         E       F
            +---------+---------+-------+---------+---------+-------
      Total |    1360 |       0 |   0.0 |      91 |       0 |   0.0
            +---------+---------+-------+---------+---------+-------
        D:1 |      39 |       0 |   0.0 |      18 |       0 |   0.0
        D:2 |      59 |       0 |   0.0 |      14 |       0 |   0.0
        D:3 |      16 |       0 |   0.0 |       8 |       0 |   0.0
        D:4 |     586 |       0 |   0.0 |      18 |       0 |   0.0
        D:5 |      63 |       0 |   0.0 |       4 |       0 |   0.0
        D:6 |     597 |       0 |   0.0 |      29 |       0 |   0.0
            +---------+---------+-------+---------+---------+-------
